 Dungeon Crawl Stone Soup version 0.19.0-18-g426998a (webtiles) character file.

298 Andry07 the Skirmisher (level 6, -6/44 HPs)
             Began as a Gargoyle Fighter on Nov 11, 2016.
             Was an Initiate of Okawaru.
             Mangled by an ogre
             ... wielding a +0 giant club
              (25 damage)
             ... on level 4 of the Dungeon.
             The game lasted 00:03:36 (2546 turns).

Andry07 the Skirmisher (Gargoyle Fighter)           Turns: 2546, Time: 00:03:37

Health: -6/44      AC: 11    Str: 21    XL:     6   Next: 36%
Magic:  6/6        EV:  7    Int:  8    God:    Okawaru [......]
Gold:   151        SH:  9    Dex: 10    Spells: 0 memorised, 5 levels left

rFire  . . .     SeeInvis .     a - +0 war axe
rCold  . . .     Gourm    .     b - +0 scale mail
rNeg   + . .     Faith    .     c - +0 shield
rPois  ∞         Spirit   .     (no helmet)
rElec  +         Reflect  .     (no cloak)
rCorr  .         Harm     .     (no gloves)
MR     .....                    (no boots)
Stlth  ..........               (no amulet)
                                (no ring)
                                (no ring)

@: no status effects
A: negative energy resistance 1, electricity resistance, unbreathing,
petrification resistance, rot immunity, AC +4
a: Renounce Religion


You were on level 4 of the Dungeon.
You worshipped Okawaru.
Okawaru was noncommittal.
You were not hungry.

You visited 1 branch of the dungeon, and saw 4 of its levels.

You collected 151 gold pieces.

Inventory:

Hand Weapons
 a - a +0 war axe (weapon)
Armour
 b - a +0 scale mail (worn)
 c - a +0 shield (worn)
Jewellery
 i - an uncursed ring of protection from fire {unknown}
 x - a +2 ring of protection {unknown}
Scrolls
 g - a scroll of magic mapping {unknown}
 l - a scroll of remove curse {unknown}
 m - 5 scrolls of identify {unknown}
 n - a scroll of enchant weapon {unknown}
 q - a scroll of blinking {unknown}
 u - a scroll of fog {unknown}
 v - a scroll of amnesia {unknown}
Potions
 d - 2 potions of might
 e - 2 potions of degeneration {unknown}
 k - a potion of flight {unknown}
 o - 2 potions of curing {unknown}
 r - a potion of lignification {unknown}
 s - a potion of heal wounds {unknown}
Books
 p - a book of Changes

   Spells                             Type                      Level
   a - Beastly Appendage              Transmutation                1
   b - Sticks to Snakes               Transmutation                2
   c - Spider Form                    Transmutation/Poison         3
   d - Ice Form                       Ice/Transmutation            4
   e - Blade Hands                    Transmutation                5
Comestibles
 f - 2 bread rations
 h - 2 beef jerkies
 j - a slice of pizza
 t - 2 meat rations
 w - 4 chunks of flesh


   Skills:
 - Level 7.6 Fighting
 - Level 1.7 Axes
 + Level 3.3 Armour
 - Level 3.2 Shields


You had 5 spell levels left.
You didn't know any spells.

Dungeon Overview and Level Annotations

Branches:
Dungeon (4/15)
 Temple: D:4-7

Altars:
Elyvilon
Fedhas
Nemelex Xobeh
Okawaru

Annotations:
D:4 Pikel


Innate Abilities, Weirdness & Mutations

You are resistant to torment.
Your stone body is resilient. (AC +4)
You are immune to poison.
You resist negative energy. (rN+)
You are resistant to electric shocks. (rElec)
You can survive without breathing.
You are immune to petrification.
You are immune to rotting.


Message History

Pain shoots through your body!
An ogre comes into view. It is wielding a giant club.
The ogre shouts!
You slash the orc!
You kill the orc!
Okawaru accepts your kill.
The orc priest invokes the aid of Beogh against you.
Beogh smites you!
You slash the orc!
You kill the orc!
Okawaru accepts your kill.
The orc priest hits you but does no damage.
The orc priest calls down the wrath of Beogh upon you.
Pain shoots through your body!
You hit the orc priest but do no damage.
You slash the orc priest! You block the orc priest's attack.
The orc priest hits you but does no damage.
The ogre hits you with a giant club!!
Ouch! That really hurt!
You die...

####'### ####.#
########....... #....#
#....#...).....
#.######.##.#.#.......
#.#.........#.#.......
#.######.#..#.#.......
#........#....#........
###########...#.......
..#...#..O@o......
.....W...[o....## #
####.#.##........#
.#.#..........###..... .#
..###..#.#...###.####...#
.........#>.............#
##......########.###...
#......[....#....## # ###
#......####.#.#...# #. ..


You could see a phantom, an ogre and 2 orc priests.

Vanquished Creatures
  A slave (D:3)
  A hound (D:4)
  Crazy Yiuf (D:2)
  A centaur skeleton (D:4)
  An orc wizard (D:4)
  Jessica (D:3)
  4 adders
  A gnoll (D:3)
  An ooze (D:4)
  2 worms (D:3)
  A dart slug (D:1)
  4 leopard geckos
  16 orcs
  9 bats
  4 giant cockroaches
  5 goblins
  10 hobgoblins
  5 jackals
  8 kobolds
  2 frilled lizards
  8 rats
86 creatures vanquished.

Notes
Turn   | Place    | Note
-------+----------+-------------------------------------------
     0 | D:1      | Andry07 the Gargoyle Fighter began the quest for the Orb.
     0 | D:1      | Reached XP level 1. HP: 14/14 MP: 1/1
   202 | D:1      | Reached XP level 2. HP: 20/20 MP: 2/2
   208 | D:1      | Reached skill level 4 in Fighting
   500 | D:1      | You fall through a shaft!
   531 | D:2      | Reached XP level 3. HP: 24/24 MP: 3/3
   575 | D:2      | Found a runed door.
   785 | D:2      | Found a sparkling altar of Nemelex Xobeh.
   820 | D:2      | Found a white marble altar of Elyvilon.
   833 | D:2      | Found a blossoming altar of Fedhas.
  1011 | D:2      | Noticed Crazy Yiuf
  1016 | D:2      | Killed Crazy Yiuf
  1016 | D:2      | Reached skill level 5 in Fighting
  1016 | D:2      | Reached XP level 4. HP: 13/31 MP: 4/4
  1450 | D:3      | Noticed Jessica
  1464 | D:3      | Killed Jessica
  1464 | D:3      | Reached skill level 6 in Fighting
  1464 | D:3      | Reached XP level 5. HP: 26/36 MP: 5/5
  1730 | D:3      | Found an iron altar of Okawaru.
  1755 | D:3      | Became a worshipper of Warmaster Okawaru
  2118 | D:4      | Reached skill level 7 in Fighting
  2140 | D:4      | Noticed a phantom
  2150 | D:4      | Noticed a slave
  2151 | D:4      | Noticed a slave
  2152 | D:4      | Noticed a slave
  2153 | D:4      | Noticed Pikel
  2199 | D:3      | Killed a slave
  2460 | D:4      | Reached XP level 6. HP: 44/44 MP: 6/6
  2546 | D:4      | Mangled by an ogre

Skill      XL: |  1  2  3  4  5 |
---------------+----------------+-----
Fighting       | 4 5 6 7 |  7.6
Axes           | |  1.7
Armour         | |  3.3
Shields        | |  3.2

Action                   |  1- 3 |  4- 6 || total
-------------------------+-------+-------++-------
Melee: War axe           |   106 |   200 ||   306
  Eat: Chunk             |       |     6 ||     6
Armor: Scale mail        |    53 |   112 ||   165
Dodge: Dodged            |    37 |    60 ||    97
Block: Shield            |    79 |   125 ||   204
